[Event "*** Titled Tuesday Blitz"]
[Site "Chess.com"]
[Date "2020.12.29"]
[Round "9"]
[White "cukin84"]
[Black "KarstenHansch"]
[Result "0-1"]
[WhiteElo "2203"]
[BlackElo "2457"]
[TimeControl "180+1"]
[EndTime "11:45:36 PST"]
[Termination "KarstenHansch won by resignation"]

1. e4 c5 2. Nc3 d6 3. f4 Nc6 4.
Nf3 g6 5. Bb5 Bg7 6. Bxc6+ bxc6 7.
d3 e6 8. O-O Ne7 9. e5 d5 10.
Kh1 Ba6 11. b3 O-O 12. Na4 c4 13. bxc4 dxc4 14. d4 c3 15. Re1 Nd5 16. Nc5 Bc4 17. Ng5 Qa5 18. Nge4 Rab8 19. Nd7 Rfd8 20. Nxb8 Rxb8 21.
a4 Rb4 22. Nd6 Ba6 23. Qg4 Rxd4 24. Qg5 h6 25. Qg3 Rxa4 26. Rb1 Rb4 27. Rxb4 Qxb4 28. Qh4 g5 29. Qh5 Nxf4 30. Qxf7+ Kh7 31. Bxf4 Qxf4 32.
Qxe6 Kh8 33. Nf7+ Kh7 34. Nd6 Kh8 35. Qe8+ Kh7 36. Qxc6 Qf2 37. Qe4+ Kh8 38. h3 Bf1 39. Rxf1 Qxf1+ 40. Kh2 Qf8 41. Nf5 Qe8 42. Nxg7 Kxg7 43. e6 Kf6 44. Qd4+ Kxe6 45. Qe3+ Kd7 46. Qd3+ Kc7 47.
Qxc3+ Qc6 48. Qg7+ Kb6 49. h4 gxh4 50. Qb2+ Kc7 51. Qg7+ Kb6 52. Qb2+ Ka6 53. Qa3+ Kb7 54. Qe7+ Qc7+ 55. Qxc7+ Kxc7 56. Kh3 a5 57. Kxh4 a4 58. Kh5 a3 59. Kxh6 a2 60. g4 a1=Q 61. g5 Qh8+ 62.
Kg6 Qg8+ 63. Kf5 Kc6 64. c4 Kc5 65. g6 Kxc4 66. Kf6 Kd5 67. g7 Kd6 68. Kg6 Ke7 69.
Kh6 Kf7 70. Kh5 Qxg7 71. Kh4 Kf6 0-1

[Event "*** Titled Tuesday Blitz"]
[Site "Chess.com"]
[Date "2020.12.29"]
[Round "9"]
[White "Jenia84"]
[Black "albi1999"]
[Result "1-0"]
[WhiteElo "2369"]
[BlackElo "2522"]
[TimeControl "180+1"]
[EndTime "11:45:38 PST"]
[Termination "Jenia84 won by resignation"]

1. Nf3 c5 2. b3 Nc6 3. Bb2 Nf6 4. e3 d5 5. Bb5 Bd7 6. O-O g6 7. d3 Bg7 8. Nbd2 O-O 9. Bxc6 Bxc6 10. Ne5 Be8 11.
f4 e6 12. Qe1 Nd7 13. Nxd7 Bxd7 14. Bxg7 Kxg7 15. e4 Bc6 16. Qf2 d4 17. f5 exf5 18. exf5 f6 19. fxg6 hxg6 20. Rae1 Qd6 21. Ne4 Bxe4 22.
Rxe4 Rae8 23. Rfe1 Qd7 24. Qf3 b6 25. Qe2 Rxe4 26. Qxe4 Rf7 27. Qe6 Qc7 28. Re4 Qb8 29.
a4 Qh8 30. g3 Qh5 31. Re2 Qf3 32. Qe4 Qxe4 33. Rxe4 Kf8 34. g4 Rc7 35. h4 Kf7 36. Kf2 Rc8 37. Kg3 a6 38. g5 fxg5 39. hxg5 Rh8 40. Rf4+ Kg7 41. Rf6 Rh5 42. Rxb6 Rxg5+ 43. Kf2 Rf5+ 44. Kg2 Re5 45. Rxa6 Re2+ 46. Kf3 Rxc2 47. Rc6 Rc3 48. Ke4 Rxb3 49. Rxc5 Rb4 50. a5 Ra4 51.
Rd5 Kf6 52. Kf4 Ke6 53. Rb5 Ra3 54. Ke4 Ra4 55. Rb6+ Kf7 56. a6 g5 57. Kf5 Ra3 58.
Rb7+ Ke8 59. a7 Kd8 60. Rb8+ Kc7 61. a8=Q 1-0

[Event "*** Titled Tuesday Blitz"]
[Site "Chess.com"]
[Date "2020.12.29"]
[Round "9"]
[White "anon102030"]
[Black "Bodnar_Mykola"]
[Result "0-1"]
[WhiteElo "2682"]
[BlackElo "2563"]
[TimeControl "180+1"]
[EndTime "11:45:41 PST"]
[Termination "Bodnar_Mykola won by checkmate"]

1. e4 c5 2. Nc3 Nc6 3. g3 g6 4.
Bg2 Bg7 5. d3 d6 6. Be3 Rb8 7. Nf3 Nd4 8. Bxd4 cxd4 9. Ne2 Qb6 10.
c3 Qxb2 11. Nfxd4 Nf6 12. O-O O-O 13. Rb1 Qa3 14. Nc6 Ra8 15. Nxe7+ Kh8 16. Qb3 Qa6 17. Nxc8 Raxc8 18. c4 b6 19. Nc3 Nd7 20. Nb5 Nc5 21. Qc2 Rfd8 22. f4 Ne6 23. e5 dxe5 24. fxe5 Rd7 25.
Nd6 Kg8 26. Nxc8 Qxc8 27. Rbe1 Qd8 28. Bd5 Nc7 29. e6 fxe6 30. Bxe6+ Nxe6 31. Rxe6 Rxd3 32. Re8+ Qxe8 33. Qxd3 h6 34. Qd5+ Kh7 35. Kg2 Qe7 36. Rf7 Qe2+ 37. Rf2 Qe7 38. Rd2 Qe1 39. h4 h5 40. Rf2 Qe7 41. Qf7 Qe4+ 42. Kh2 a5 43. Rd2 Qe3 44. Rd7 Qe2+ 45. Kg1 Qe1+ 46. Kg2 Qe2+ 47.
Qf2 Qe4+ 48. Kh2 Qxc4 49. Qb2 Qg8 50. a4 Kh8 51. Qxb6 Qa2+ 52. Kg1 Qxa4 53. Qd8+ Kh7 54. Qc7 Qa1+ 55. Kg2 Qb2+ 56. Kf3 a4 57. Qb7 Qc3+ 58. Kg2 a3 59. Qa7 Qb2+ 60. Kh3 Qa1 61. Rf7 Qh1# 0-1

[Event "*** Titled Tuesday Blitz"]
[Site "Chess.com"]
[Date "2020.12.29"]
[Round "9"]
[White "Yoda1992"]
[Black "Meri-Arabidze"]
[Result "1-0"]
[WhiteElo "2514"]
[BlackElo "2613"]
[TimeControl "180+1"]
[EndTime "11:45:42 PST"]
[Termination "Yoda1992 won by resignation"]

1. d4 f5 2. Nf3 Nf6 3. g3 e6 4. Bg2 d5 5. O-O Bd6 6. c4 c6 7. Nc3 O-O 8. b3 Qe7 9. Bg5 Nbd7 10.
Nh4 Qf7 11. Nf3 h6 12. Bf4 Bxf4 13. gxf4 Ne4 14. Rc1 Qh5 15. e3 Ndf6 16. Ne5 Qe8 17. f3 Nxc3 18. Rxc3 Bd7 19. Qd3 Rc8 20. Rfc1 g5 21.
fxg5 hxg5 22. e4 dxe4 23. fxe4 f4 24. Qh3 Kg7 25. Rf1 Rh8 26. Qd3 Qh5 27. h3 Be8 28. d5 cxd5 29. cxd5 Rxc3 30. Qxc3 exd5 31. Ng4 Qg6 32. exd5 Bd7 33. Ne5 Qf5 34. Ng4 Re8 35.
Rc1 Kg6 36. Nxf6 Qxf6 37. Qxf6+ Kxf6 38. Rc7 Ke7 39. Rxb7 a5 40. Bf1 Kd6 41. Rxd7+ Kxd7 42. Bb5+ Kd8 43. Bxe8 Kxe8 44. Kf2 Kd7 45. Kf3 Kd6 46. a3 Kc5 47. Ke4 Kd6 48. b4 a4 49. h4 gxh4 50.
Kxf4 Kxd5 51. Kg4 Kc4 52. Kxh4 Kb3 53. b5 Kxa3 54. b6 Ka2 55. b7 a3 56. b8=Q Ka1 57. Qe5+ Kb1 58. Qe1+ Kb2 59. Qe5+ Kb1 60. Qb5+ Ka1 61.
Qf1+ Kb2 62. Qe2+ Kb1 63. Qd1+ Kb2 64. Qd2+ Kb1 65. Qb4+ Ka2 66. Kg3 1-0

[Event "*** Titled Tuesday Blitz"]
[Site "Chess.com"]
[Date "2020.12.29"]
[Round "9"]
[White "j2806"]
[Black "bylavochka"]
[Result "0-1"]
[WhiteElo "1977"]
[BlackElo "2138"]
[TimeControl "180+1"]
[EndTime "11:45:42 PST"]
[Termination "bylavochka won on time"]

1. e4 c5 2. Nf3 d6 3. d4 cxd4 4. Nxd4 Nf6 5. Nc3 g6 6. Be3 Bg7 7. f3 O-O 8. Qd2 Nc6 9. O-O-O Nxd4 10. Bxd4 Be6 11. Kb1 Qc7 12. h4 Rfc8 13. g4 Qa5 14. h5 Rxc3 15. Qxc3 Qxa2+ 16. Kc1 Qa1+ 17. Kd2 Qa4 18.
hxg6 hxg6 19. b3 Nxe4+ 20. fxe4 Qxd4+ 21. Qxd4 Bxd4 22. Kc1 Be3+ 23. Kb1 Bxg4 24. Rd3 Bf4 25. Rh4 f5 26. exf5 gxf5 27. Bh3 Bg5 28. Bxg4 Bxh4 29. Bxf5 Kf7 30. Be4 Bf6 31. Bxb7 Rh8 32.
Rd1 Ke6 33. Bd5+ Ke5 34. Bc4 Rd8 35. Rd5+ Ke4 36. Kc1 e6 37. Rd1 d5 38. Bd3+ Kf4 39.
Kd2 Bd4 40. Rf1+ Ke5 41. c3 Bb6 42. Re1+ Kd6 43. Bc2 Rh8 44. Re2 e5 45. c4 Ba5+ 46. Kc1 d4 47. Bd3 Bc3 48. Kc2 Rh1 49. Rg2 Ra1 50. Rg6+ Ke7 51. Rg7+ Kf6 52. Rb7 Ra2+ 53. Kc1 Kg5 54. Re7 Kf4 55. Rh7 Ra1+ 56. Kc2 Rg1 57. Rh4+ Kg3 58. Re4 Rg2+ 59. Kc1 Rb2 60. Bc2 Ra2 0-1

[Event "*** Titled Tuesday Blitz"]
[Site "Chess.com"]
[Date "2020.12.29"]
[Round "9"]
[White "wonderfultime"]
[Black "AryanTari"]
[Result "1/2-1/2"]
[WhiteElo "3010"]
[BlackElo "2897"]
[TimeControl "180+1"]
[EndTime "11:45:44 PST"]
[Termination "Game drawn - insufficient material"]

1. d4 Nf6 2. Nf3 g6 3. Bg5 Bg7 4. Nbd2 c5 5. c3 cxd4 6. cxd4 O-O 7. e3 h6 8. Bh4 Qb6 9. Qb3 d6 10. Bd3 Be6 11. Qxb6 axb6 12. a3 g5 13. Bg3 Nh5 14.
Rc1 Nc6 15. O-O f5 16. Rfe1 Kh8 17. Bb5 Bd5 18. Nc4 f4 19. exf4 Bxf3 20. gxf3 Nxd4 21. Nxb6 Ra5 22. Be2 Nxf4 23. Bxf4 Rxf4 24. Rc8+ Rf8 25. Rxf8+ Bxf8 26. Bd1 Kg7 27. Kg2 Rb5 28. Nc4 d5 29.
Ne3 e6 30. b4 Rb6 31. Nc2 Nf5 32. Be2 Kf6 33. Bd3 Nh4+ 34. Kg3 Bd6+ 35. Kg4 Bxh2 36. Rh1 Bd6 37. f4 Rc6 38. Ne3 Rc3 39. Bb1 Rxa3 40. fxg5+ hxg5 41. Kh5 Bf4 42. Ng4+ Ke7 43. Bc2 Rc3 44. Bd1 Rc4 45. b5 Rc1 46. Rf1 Nf5 47. Be2 Rxf1 48. Bxf1 Nd6 49. Kg6 e5 50. Nh6 e4 51.
Ng8+ Ke6 52. Nf6 Ke5 53. Nd7+ Kd4 54. Kf6 Nc4 55. Ke6 e3 56. fxe3+ Nxe3 57. Be2 g4 58.
Nf6 g3 59. Bf3 Be5 60. Nxd5 Nxd5 61. Bxd5 Bc7 62. Bxb7 Kc5 63. Bc6 g2 64. Bxg2 Kxb5 1/2-1/2

[Event "*** Titled Tuesday Blitz"]
[Site "Chess.com"]
[Date "2020.12.29"]
[Round "9"]
[White "NeverW84M8"]
[Black "Chesswizard_2007"]
[Result "1/2-1/2"]
[WhiteElo "2522"]
[BlackElo "2657"]
[TimeControl "180+1"]
[EndTime "11:45:44 PST"]
[Termination "Game drawn by agreement"]

1. d4 Nf6 2. Bg5 d5 3. Bxf6 exf6 4. Nd2 Bd6 5. e3 O-O 6. Ngf3 Re8 7. c4 dxc4 8. Bxc4 Nd7 9. Qb3 Re7 10. O-O Nb6 11. Bd3 g6 12. Ne4 f5 13. Nxd6 Qxd6 14. Rfc1 Be6 15.
Qc2 Bd5 16. Ne5 c6 17. Qc5 Qxc5 18. Rxc5 f6 19. Nf3 Kf7 20. Nd2 Rae8 21. g3 h5 22. h4 Nc8 23. Bc4 Bxc4 24. Rxc4 Nd6 25. Rc2 Ne4 26. Nc4 g5 27. f3 b5 28. fxe4 bxc4 29.
hxg5 Rxe4 30. Rf1 Rxe3 31. gxf6 Rxg3+ 32. Kh2 Rg5 33. Rxc4 Re2+ 34. Kh3 Rgg2 35. Rxc6 h4 36. Rxf5 Rh2+ 37. Kg4 Reg2+ 38. Kh5 Rg8 39. Rc7+ Ke6 40.
f7 Rh8+ 41. Kg6 Rg2+ 42. Rg5 Rxg5+ 43. Kxg5 h3 44. d5+ Kxd5 45. Rc2 Ke6 46. Rh2 Kxf7 47. Kg4 Ke6 48. Rxh3 Rb8 49. Rh1 Rxb2 50. Ra1 Rf2 51. Kg3 Rf8 52. Rd1 Ke5 53. Rd7 a5 54. Ra7 Kd4 55. Rxa5 Kc4 56. a3 Kb3 57. Ra7 Rf5 58.
Kg4 Rc5 59. Kf4 Rc4+ 60. Ke5 Ra4 61. Rb7+ Kxa3 62. Kd5 Rb4 63. Ra7+ Kb3 64. Rc7 1/2-1/2

[Event "*** Titled Tuesday Blitz"]
[Site "Chess.com"]
[Date "2020.12.29"]
[Round "9"]
[White "Blue_Ratatoeskr"]
[Black "lelajavakhishvili"]
[Result "0-1"]
[WhiteElo "2351"]
[BlackElo "2515"]
[TimeControl "180+1"]
[EndTime "11:45:47 PST"]
[Termination "lelajavakhishvili won by resignation"]

1. c4 e5 2. g3 Nc6 3. Bg2 g6 4. Nc3 Bg7 5. e4 Nge7 6. Nge2 O-O 7. O-O d6 8. d3 Nd4 9. Nxd4 exd4 10. Ne2 f5 11.
Bg5 fxe4 12. Bxe4 c6 13. Qd2 Bf5 14. Bxf5 Rxf5 15. Rae1 Rf7 16. Nf4 Qd7 17. Bxe7 Rxe7 18.
Rxe7 Qxe7 19. Re1 Qd7 20. h4 Be5 21. Kg2 Rf8 22. Nh3 Qf5 23. f4 Bf6 24. Qe2 Kg7 25.
Ng5 Bxg5 26. hxg5 Rf7 27. Qe4 Qxe4+ 28. Rxe4 c5 29. Re6 Rd7 30. Kf3 Kf7 31. Rf6+ Ke7 32. Ke4 b5 33. b3 bxc4 34. bxc4 Rb7 35. Kd5 Rb6 36. g4 a5 37. f5 a4 38. fxg6 hxg6 39. Rxg6 Rb2 40. Rg7+ Kf8 41. Ra7 Rxa2 42. Kxd6 Rd2 43.
Rxa4 Rxd3 44. Kxc5 Rd1 45. Ra6 d3 46. Rd6 d2 47. g6 Kg7 48. Rd4 Kxg6 49. Kd5 Kg5 50.
c5 Kh4 51. c6 Kg3 52. Kd6 Kf3 53. c7 Ke3 54. Rd5 Rc1 55. Kd7 d1=Q 56. Rxd1 Rxd1+ 57.
Ke8 Rc1 58. Kd8 Rd1+ 59. Ke7 Rc1 60. Kd6 Kf4 61. Ke7 Rxc7+ 62. Kd6 Rg7 0-1

[Event "*** Titled Tuesday Blitz"]
[Site "Chess.com"]
[Date "2020.12.29"]
[Round "9"]
[White "Mambastik-Fantastic"]
[Black "Eloist"]
[Result "0-1"]
[WhiteElo "2223"]
[BlackElo "2354"]
[TimeControl "180+1"]
[EndTime "11:45:47 PST"]
[Termination "Eloist won on time"]

1. e4 e6 2. d4 d5 3. Nc3 Nf6 4.
Bg5 dxe4 5. Nxe4 Be7 6. Bxf6 gxf6 7. Nf3 f5 8. Ng3 c5 9. dxc5 Qxd1+ 10. Rxd1 Bxc5 11.
Ne5 Ke7 12. Bb5 a6 13. Ba4 b5 14. Bb3 h5 15. O-O h4 16. Ne2 Bb7 17. Nf4 Rg8 18. g3 hxg3 19. hxg3 Rxg3+ 20. Kh2 Rg7 21. c3 Bd6 22.
Ned3 Rg4 23. f3 Rxf4 24. Nxf4 Bxf4+ 25. Kg2 Nd7 26. Rh1 Ne5 27. Rh3 Nc4 28. Bxc4 bxc4 29. Rd4 Rg8+ 30. Kf2 Bd6 31. Rxc4 Bd5 32. Ra4 Bc5+ 33.
Ke2 Rg2+ 34. Kd3 Bc6 35. Ra5 Bb6 36. Ra3 Rxb2 37. c4 Rf2 38. Rxa6 Bxf3 39. Rxb6 Bg4 40. Rh8 Rxa2 41. Rb7+ Kf6 42. Rh7 Ke5 43. Rhxf7 Bf3 44. Rb5+ Kf4 45. c5 Be4+ 46. Kc3 Ke3 47. Rb3 Bd5 48.
Rb1 Ra4 49. Rc7 Rc4+ 50. Kb2 f4 51. Re1+ Kd2 52. Rf1 Rb4+ 53. Ka3 Rb3+ 54. Ka4 f3 55. Rd7 Ke2 56. Rh1 Rc3 57. Rh2+ Ke1 58. Rc7 Rc4+ 59. Kb5 f2 0-1

[Event "*** Titled Tuesday Blitz"]
[Site "Chess.com"]
[Date "2020.12.29"]
[Round "9"]
[White "AliKa2810"]
[Black "Ural_bogatyr"]
[Result "1/2-1/2"]
[WhiteElo "2603"]
[BlackElo "2491"]
[TimeControl "180+1"]
[EndTime "11:45:50 PST"]
[Termination "Game drawn - insufficient material"]

1. Nf3 d5 2. g3 Nd7 3. d4 Ngf6 4. Bg2 e6 5. c4 dxc4 6. O-O Bd6 7.
Qc2 O-O 8. Qxc4 c5 9. dxc5 Bxc5 10. Nc3 a6 11. Bg5 b5 12. Bxf6 Qxf6 13. Qd3 Rd8 14. Ne4 Qe7 15. Nxc5 Nxc5 16. Qe3 Bb7 17. Rfd1 Rac8 18. h4 h6 19. Nd4 Bxg2 20. Kxg2 Qb7+ 21. Qf3 Qxf3+ 22. Kxf3 Kf8 23. e3 g6 24. h5 e5 25. Ne2 Nd3 26. hxg6 fxg6 27. Nd4 Nxb2 28. Ne6+ Ke7 29. Rxd8 Rc2 30. Rg8 Kxe6 31. Rxg6+ Kf5 32.
Rxa6 e4+ 33. Kg2 Nd3 34. Rf1 Ne5 35. Rxh6 Ng4 36. Rh5+ Kg6 37. Rxb5 Nxe3+ 38. Kg1 Nxf1 39. Kxf1 e3 40. f4 Rxa2 41. Re5 Rf2+ 42. Kg1 Re2 43.
Kf1 Rf2+ 44. Kg1 Re2 45. g4 Rf2 46. f5+ Kg5 47. Rxe3 Rf4 48. Rg3 Ra4 49. Kg2 Ra6 50. Kh3 Rh6+ 51. Kg2 Ra6 52. Kh2 Ra2+ 53. Kh3 Ra6 54.
Rc3 Rh6+ 55. Kg3 Ra6 56. Rb3 Ra4 57. Kh3 Rxg4 58. Rf3 Rh4+ 59. Kg3 Rh6 60. f6 Rxf6 61.
Rxf6 Kxf6 1/2-1/2

[Event "*** Titled Tuesday Blitz"]
[Site "Chess.com"]
[Date "2020.12.29"]
[Round "9"]
[White "MillyNeuf"]
[Black "SergeyShtyka"]
[Result "0-1"]
[WhiteElo "2329"]
[BlackElo "2456"]
[TimeControl "180+1"]
[EndTime "11:45:50 PST"]
[Termination "SergeyShtyka won by checkmate"]

1. e4 c5 2. Nc3 Nc6 3. g3 g6 4. Bg2 Bg7 5. d3 e6 6. Be3 d6 7. Qd2 Rb8 8. Nge2 b5 9. Nd1 h5 10. h3 Nge7 11. O-O O-O 12. f4 Nd4 13. c3 Nxe2+ 14.
Qxe2 b4 15. c4 Nc6 16. g4 Nd4 17. Qf2 hxg4 18. hxg4 g5 19. f5 Be5 20. f6 Kh7 21.
Bxg5 Kg6 22. Bh6 Rh8 23. g5 Bg3 24. Qd2 e5 25. Ne3 Be6 26. Nf5 Bxf5 27. exf5+ Kh7 28. Be4 Kg8 29. Rf3 Bf4 30. Rxf4 exf4 31. Rf1 Rxh6 32. gxh6 Qxf6 33. Rxf4 Qg5+ 34. Kf1 Kh8 35. Rf2 Qh4 36. Rg2 Rg8 37. Rxg8+ Kxg8 38. Qg2+ Kf8 39. Qg7+ Ke7 40. f6+ Qxf6+ 41. Qxf6+ Kxf6 42. h7 Kg7 43. Kf2 f5 44. Bd5 Kxh7 45. Ke3 Kg6 46. Kf4 Kf6 47. Bb7 Ne2+ 48. Ke3 Nd4 49. a3 bxa3 50. bxa3 Ke5 51. Bg2 Nc2+ 52. Kd2 Nd4 53. Kc3 f4 54. Be4 f3 55. Kd2 Kf4 56. Ke1 Ke3 57. a4 a5 58. Bh7 f2+ 59. Kf1 Nf3 60. Be4 Nd2+ 61. Kg2 f1=Q+ 62. Kh2 Qf2+ 63. Bg2 Nf3+ 64. Kh1 Qg1# 0-1

[Event "*** Titled Tuesday Blitz"]
[Site "Chess.com"]
[Date "2020.12.29"]
[Round "9"]
[White "ViktoriyaTarasova"]
[Black "beto-betun"]
[Result "1-0"]
[WhiteElo "2344"]
[BlackElo "2184"]
[TimeControl "180+1"]
[EndTime "11:45:50 PST"]
[Termination "ViktoriyaTarasova won on time"]

1. d4 Nf6 2. c4 g6 3. Nc3 Bg7 4. e4 d6 5. h3 O-O 6. Be3 e5 7. d5 Nbd7 8. g4 a5 9. Qc2 b6 10. Be2 Nc5 11. g5 Nfd7 12. h4 f5 13. f3 f4 14. Bf2 Rf7 15. O-O-O Nf8 16. Nh3 Bd7 17.
Rdg1 Qc8 18. Bxc5 bxc5 19. Nf2 a4 20. h5 Qb7 21. h6 Bh8 22. Kd2 Be8 23. Rb1 Nd7 24.
b3 axb3 25. Rxb3 Nb6 26. Rhb1 Qa6 27. Qd3 Bd7 28. R3b2 Rff8 29. Ke1 Ra7 30. Nb5 Bxb5 31.
cxb5 Qa4 32. Nd1 Qd4 33. Qxd4 exd4 34. Bd3 Be5 35. Rc1 Rfa8 36. Rcc2 Ra3 37. Kd2 R8a5 38. Nf2 Kf7 39. Ng4 Nd7 40. Ke2 Rc3 41. Rxc3 dxc3 42. Rc2 Ra3 43. Nf2 Ra5 44. Nd1 Ra3 45. Bc4 Nb6 46.
Bb3 c4 47. Nxc3 Bxc3 48. Rxc3 cxb3 49. Rxc7+ Kg8 50. axb3 Rxb3 51. Rc6 Na4 52. Rxd6 Rxb5 53. Rd8+ Kf7 54. Rd7+ Kg8 55. Rg7+ Kh8 56. Ra7 Kg8 57. Rxa4 Rb2+ 58. Kf1 Rb1+ 59. Kg2 Rb3 60. Ra8+ Kf7 61.
Ra7+ Kg8 62. d6 Rd3 63. Rg7+ Kf8 64. Rd7 Ke8 65. Rxh7 Rxd6 66. Rg7 Kf8 67. Ra7 Kg8 68. Kh3 1-0

[Event "*** Titled Tuesday Blitz"]
[Site "Chess.com"]
[Date "2020.12.29"]
[Round "9"]
[White "FlamingPhoenix123"]
[Black "Love_craft"]
[Result "1-0"]
[WhiteElo "2610"]
[BlackElo "2480"]
[TimeControl "180+1"]
[EndTime "11:45:51 PST"]
[Termination "FlamingPhoenix123 won by checkmate"]

1. e4 g6 2. Nc3 Bg7 3. d4 d6 4. Nf3 Nf6 5. h3 O-O 6. Be3 Nbd7 7. a4 e5 8. a5 exd4 9. Nxd4 Re8 10. Bd3 d5 11.
exd5 Nxd5 12. Nxd5 Bxd4 13. O-O Bxb2 14. Rb1 Bg7 15.
Qd2 c6 16. Nf4 Ne5 17. Be2 Qxd2 18. Bxd2 Nd7 19. Bf3 Ne5 20. Be2 Rb8 21. Be3 Bf5 22. Bxa7 Bxc2 23. Rb6 Nd7 24. Rb4 c5 25. Rc4 Ra8 26.
Rxc2 Rxa7 27. Bb5 Re4 28. g3 Ne5 29. Rxc5 Rxa5 30. Rd1 Bf8 31. Rcd5 Rb4 32. Be2 Rxd5 33. Rxd5 Nc6 34. Kg2 Rb2 35. Bc4 Kg7 36. Bf1 Bb4 37.
Nd3 Rb1 38. Rb5 Kf6 39. Rxb7 Ke6 40. Rc7 Kd6 41. Rxf7 Bc3 42. Rxh7 Bd4 43. Rh6 Ne7 44. Rh4 Bf6 45. Rf4 Ke6 46. Rf3 Ra1 47. Nf4+ Kf7 48. Bc4+ Kg7 49. Nd5 Nxd5 50. Bxd5 Rc1 51. Rd3 Rc2 52.
Be4 Kh6 53. Rd6 Kg7 54. Bxc2 Be5 55. Rd7+ Kf6 56. Rb7 g5 57. Rb6+ Kg7 58. Rg6+ Kf7 59. Rxg5 Kf6 60. Rf5+ Ke6 61. Rxe5+ Kxe5 62. h4 Kf6 63.
Kh3 Kg7 64. h5 Kh6 65. Kh4 Kg7 66. g4 Kh6 67. g5+ Kg7 68. h6+ Kh8 69. Kh5 Kg8 70.
g6 Kh8 71. g7+ Kg8 72. Bb3+ Kh7 73. g8=Q# 1-0

[Event "*** Titled Tuesday Blitz"]
[Site "Chess.com"]
[Date "2020.12.29"]
[Round "9"]
[White "IMVoja"]
[Black "elextranjero00"]
[Result "0-1"]
[WhiteElo "2410"]
[BlackElo "2603"]
[TimeControl "180+1"]
[EndTime "11:45:55 PST"]
[Termination "elextranjero00 won by checkmate"]

1. d4 Nf6 2. Bf4 g6 3. e3 Bg7 4.
Nf3 d6 5. h3 O-O 6. Nbd2 b6 7.
Bc4 c5 8. c3 Bb7 9. O-O Nbd7 10. Re1 a6 11. a4 Ra7 12. Qb1 Qa8 13. Qa2 Bd5 14. Bxd5 Qxd5 15. Qxd5 Nxd5 16. Bg3 Rc8 17. e4 Nc7 18. e5 dxe5 19. dxe5 Ne6 20. Nc4 Rb7 21.
Ne3 Nb8 22. Nd5 Nc6 23. Rad1 h5 24. Ne3 b5 25. axb5 axb5 26. Ra1 c4 27. Nd5 Nc5 28. Nf4 Bh6 29. e6 Bxf4 30. exf7+ Kxf7 31. Bxf4 Nd3 32. Re4 e5 33. Bc1 Ke6 34. Re2 Kd5 35.
Ng5 Ra7 36. Rb1 Rca8 37. Be3 Ra1 38. Rxa1 Rxa1+ 39. Kh2 Rb1 40. Bb6 Rxb2 41. Re3 Nxf2 42. Nf3 Nd3 43. Bc7 Rc2 44. Ng5 Rxc3 45. Ne4 Rc2 46.
Nf6+ Ke6 47. Ne4 b4 48. Ng5+ Kd5 49. Nf3 b3 50. Ng5 b2 51. Ne4 b1=Q 52. Nf6+ Ke6 53. Ne4 Rc1 54. Ng3 Re1 55. Rxe1 Qxe1 56. Bb6 Kd5 57.
Bg1 c3 58. h4 c2 59. Kh3 Qxg3+ 60. Kxg3 c1=Q 61. Be3 Qxe3+ 62. Kh2 Qf4+ 63. g3 Qf2+ 64. Kh3 Qf1+ 65. Kh2 Qe2+ 66. Kh3 e4 67. g4 Qxg4+ 68.
Kh2 Nf4 69. Kh1 Qg2# 0-1

[Event "*** Titled Tuesday Blitz"]
[Site "Chess.com"]
[Date "2020.12.29"]
[Round "9"]
[White "djano"]
[Black "Morshynska"]
[Result "1-0"]
[WhiteElo "2459"]
[BlackElo "2235"]
[TimeControl "180+1"]
[EndTime "11:45:55 PST"]
[Termination "djano won by resignation"]

1. e4 e5 2. Nf3 Nc6 3. d4 exd4 4. Nxd4 Bc5 5. Nb3 Bb6 6. Nc3 d6 7. Qe2 Nge7 8. Be3 O-O 9. g3 f5 10. Bxb6 axb6 11. Bg2 fxe4 12. Nxe4 Bf5 13. O-O Qd7 14. Rfe1 Rae8 15. Rad1 Bg4 16. f3 Bh3 17. Bxh3 Qxh3 18.
Ng5 Qf5 19. Qe6+ Kh8 20. Qxf5 Nxf5 21. Ne6 Ne5 22. Rxe5 dxe5 23. Nxf8 Rxf8 24. Rd7 Rc8 25. Nd2 Nd6 26. Kf2 Kg8 27. Ne4 Nf5 28. c3 h6 29. h4 Kf8 30. h5 Ke8 31. Rd5 Kf7 32. Rxe5 Ne7 33. g4 Rd8 34. Ke2 Ra8 35. a3 Rd8 36. Ng3 Nd5 37. Re4 b5 38. Nf5 c6 39.
Nd4 Nb6 40. Ne6 Rd7 41. Nc5 Rc7 42. Rf4+ Ke7 43. b3 Nd5 44. Re4+ Kf7 45. Kd2 Nb6 46. Nd3 Nd5 47. Nf4 Kf6 48. Nxd5+ cxd5 49. Rd4 Ke5 50. Rb4 Rc5 51. f4+ Kd6 52. Kd3 Kc6 53. Kd4 Kd6 54. g5 hxg5 55. fxg5 Rc7 56. Rxb5 Rf7 57. Rxd5+ Kc6 58.
Rc5+ Kb6 59. b4 Rf4+ 60. Ke5 Rh4 61. h6 gxh6 62. g6 Rg4 63. Kf6 h5 64. Rxh5 Rg3 65. Rg5 Rxc3 66. g7 Rc6+ 67. Kf5 Rc8 68. g8=Q 1-0

[Event "*** Titled Tuesday Blitz"]
[Site "Chess.com"]
[Date "2020.12.29"]
[Round "9"]
[White "ErikRonka"]
[Black "VladaSviridova"]
[Result "1-0"]
[WhiteElo "2380"]
[BlackElo "2255"]
[TimeControl "180+1"]
[EndTime "11:45:55 PST"]
[Termination "ErikRonka won by resignation"]

1. e4 e6 2. d4 d5 3. Nc3 Bb4 4. exd5 exd5 5. Bd3 Ne7 6. Qh5 Nbc6 7. Nf3 Be6 8. Ng5 Qd7 9. O-O Nxd4 10. Nxe6 Nxe6 11. Ne2 Bd6 12. Bd2 g6 13. Qf3 O-O-O 14. b4 Rdf8 15. Rfd1 f5 16. c4 Be5 17. Rac1 d4 18.
c5 c6 19. b5 g5 20. bxc6 Qxc6 21. Qh5 Qe8 22. Qxe8+ Rxe8 23. Bc4 Nc7 24. Bxg5 Ng6 25. Nxd4 Bxd4 26. Rxd4 h6 27. Bd2 Ne5 28. h3 Nxc4 29. Rdxc4 Rd8 30. Bf4 Nd5 31. Bd6 Kd7 32. Rd1 Kc6 33.
Rcd4 Nf6 34. Re1 Ne4 35. Be5 Rxd4 36. Bxd4 Rd8 37. Be3 h5 38. f3 Nxc5 39. Kh2 Nd3 40. Rb1 f4 41. Bxa7 Ra8 42. Bd4 Rxa2 43. h4 b5 44. Rd1 Nf2 45. Rc1+ Kd5 46. Bf6 b4 47. Bg5 b3 48. Bxf4 Nd3 49. Rd1 Kc4 50. Bh6 b2 51. Bg7 Ra1 52. Rxd3 Kxd3 53. Bxb2 Ra2 54. Bf6 Ke3 55.
Kg3 Ra3 56. Bg5+ Ke2 57. Kf4 Ra4+ 58. Ke5 Kf2 59. g4 hxg4 60. fxg4 Rxg4 61. Kf6 Kg3 62.
Kg6 Ra4 63. h5 Ra6+ 64. Bf6 Kg4 65. h6 Rxf6+ 66. Kxf6 Kf4 67. Kg7 Kg5 68. h7 1-0

[Event "*** Titled Tuesday Blitz"]
[Site "Chess.com"]
[Date "2020.12.29"]
[Round "9"]
[White "rychessmaster1"]
[Black "frenchpin"]
[Result "0-1"]
[WhiteElo "2558"]
[BlackElo "2477"]
[TimeControl "180+1"]
[EndTime "11:45:58 PST"]
[Termination "frenchpin won by resignation"]

1. d4 e6 2. Nc3 Nf6 3. Bf4 d5 4. Nb5 Na6 5. e3 c5 6. c3 Be7 7. Nf3 Nh5 8. Be5 f6 9. Bg3 O-O 10. a4 Bd7 11. Bd3 g6 12. O-O Nxg3 13. hxg3 Rf7 14.
b3 Nc7 15. Nxc7 Qxc7 16. Qe2 Bf8 17. Rac1 Re8 18. Rfd1 e5 19. dxe5 fxe5 20. Ng5 Rfe7 21. Bc2 Bh6 22. Nf3 e4 23. Nh2 Bc6 24. c4 Rd8 25.
cxd5 Bxd5 26. b4 c4 27. Ng4 Bg7 28. Bb1 c3 29. Rxd5 Rxd5 30. Ba2 Rd7 31. Qb5 Qc6 32. Qxc6 bxc6 33. f3 Kf8 34. Bxd5 cxd5 35. Nf2 Re7 36. f4 Ke8 37. Kf1 Rb7 38. b5 Rc7 39. Ke2 Rc4 40. a5 Rb4 41. b6 axb6 42. axb6 Rxb6 43. Nd1 Rb3 44. Rc2 d4 45. exd4 Bxd4 46. g4 Kd7 47. f5 gxf5 48. gxf5 Ke7 49. Ne3 Kf6 50. g4 Kg5 51. Nd5 Rb2 52. Kd1 Rb1+ 53. Ke2 Rb2 54. Kd1 Rxc2 55. Kxc2 Kxg4 56. f6 Kf3 57. f7 Bg7 58.
Nxc3 h5 59. Kd1 h4 60. Nb5 h3 61. Nd4+ Kg2 62. Ne6 Bh6 63. Ng7 Bxg7 64. Ke2 Bf8 65. Ke3 h2 66. Kxe4 h1=Q 67. Kf5 Qh3+ 68. Kg6 Qf3 69. Kh7 Kf2 70. Kg6 Bd6 71. Kg7 Be5+ 72. Kg8 Bd6 73. Kg7 Ke3 74. Kg6 Qg4+ 75. Kf6 Qf4+ 76.
Ke6 Qe5+ 77. Kd7 Qe7+ 78. Kc6 Qxf7 79. Kxd6 Qf4+ 80. Kd5 Kd3 81. Kc5 Qe4 82. Kd6 Qf5 0-1

[Event "*** Titled Tuesday Blitz"]
[Site "Chess.com"]
[Date "2020.12.29"]
[Round "9"]
[White "Koalaskakistis"]
[Black "NovikovaGalina"]
[Result "0-1"]
[WhiteElo "2357"]
[BlackElo "2259"]
[TimeControl "180+1"]
[EndTime "11:45:58 PST"]
[Termination "NovikovaGalina won on time"]

1. e4 e6 2. d4 d5 3. exd5 exd5 4. Bd3 Nf6 5. Qf3 Nc6 6. c3 Bg4 7. Qg3 Qd7 8. f3 Bf5 9. Bxf5 Qxf5 10. Ne2 Bd6 11. Bf4 Bxf4 12. Qxf4 Qc2 13. Qd2 Qg6 14. Nf4 Qf5 15. g4 Qd7 16. Na3 O-O 17. O-O Ne7 18. Nc2 c6 19. Ne3 Ng6 20. Nf5 Qc7 21. Nd3 Rfe8 22.
Rae1 Ne7 23. Ng3 Ng6 24. Nf5 Qd7 25. h4 b6 26. Ne5 Qc7 27. Qg5 h6 28. Nxh6+ gxh6 29.
Qxf6 Re6 30. Qf5 Nxh4 31. Qh5 Qe7 32. f4 f6 33. Qxh4 fxe5 34. Qxe7 Rxe7 35. fxe5 Rg7 36. Rf4 Kh7 37. Kh2 Rag8 38. e6 Re8 39. Kg3 h5 40.
Kh4 hxg4 41. Kg3 Rge7 42. Rxg4 Rxe6 43. Rh1+ Rh6 44. Rxh6+ Kxh6 45. Rf4 Kg6 46. Kf3 Rh8 47. Rg4+ Kf6 48. Rg2 Rh3+ 49. Ke2 Rh8 50. Rf2+ Ke6 51.
Kd3 Rh3+ 52. Kc2 Rh1 53. Rg2 Rh7 54. Rg8 Kd7 55. Ra8 Kd6 56. a4 Rb7 57. b4 Rg7 58. Kb3 Rh7 59. a5 bxa5 60. bxa5 Rb7+ 61. Ka4 Rh7 62. a6 c5 0-1